 Dungeon Crawl Stone Soup version 0.29.1-2-gbd0b4ee654 (webtiles) character file.

Game seed: 5702334549874158889

6 qeuew the Sneak (level 1, -1/9 HPs)
             Began as a Spriggan Enchanter on Nov 11, 2022.
             Slain by a jackal (2 damage)
             ... on level 1 of the Dungeon.
             The game lasted 00:00:22 (84 turns).

qeuew the Sneak (Spriggan Enchanter)                  Turns: 84, Time: 00:00:23

Health: -1/9       AC:  2    Str:  4    XL:     1   Next: 75%
Magic:  5/5        EV: 17    Int: 16    God:
Gold:   0          SH:  0    Dex: 15    Spells: 5/5 levels left

rFire   . . .      SeeInvis +   a - +1 dagger
rCold   . . .      Faith    .   (no shield)
rNeg    . . .      Spirit   .   b - +0 robe
rPois   .          Reflect  .   (helmet restricted)
rElec   .          Harm     .   (no cloak)
rCorr   .          Rampage  .   (gloves unavailable)
Will    .....                   (boots unavailable)
Stlth   +++.......              (no amulet)
HPRegen 0.03/turn               (no ring)
MPRegen 0.09/turn               (no ring)

@: invisible, very quick
A: very small, no large weapons, unfitting armour, see invisible, speed 3
a: no special abilities


You were on level 1 of the Dungeon.
You visited 1 branch of the dungeon, and saw 1 of its levels.

Inventory:

Hand Weapons
 a - a +1 dagger (weapon)
Armour
 b - a +0 robe (worn)
Scrolls
 e - a scroll of identify {unknown}
 f - a scroll of blinking {unknown}
Potions
 c - 2 potions of invisibility
 d - a potion of mutation {unknown}


   Skills:
 + Level 1.3 Short Blades
 + Level 2.8 Dodging
 + Level 4.5 Stealth
 + Level 2.8 Spellcasting
 + Level 3.7 Hexes


You had 5 spell levels left.
You didn't know any spells.
Your spell library contained the following spells:

 Spells                   Type           Power      Damage    Failure   Level
 Confusing Touch          Hex            14%        N/A       12%         3
 Tukima's Dance           Hex            14%        N/A       12%         3
 Ensorcelled Hibernation  Hex/Ice        16%        N/A       13%         2
 Dazzling Flash           Conj/Hex       16%        N/A       26%         3


Dungeon Overview and Level Annotations

Branches:
Dungeon (1/15)

Altars:


Innate Abilities, Weirdness & Mutations

You are very small and have problems with some larger weapons.
You are too small for most types of armour.
You have supernaturally acute eyesight. (SInv)
You cover ground extremely quickly. (Speed+++)


Message History

You are too injured to fight recklessly!
You are too injured to fight recklessly!
You are too injured to fight recklessly!
You are too injured to fight recklessly!
The jackal closely misses you. The jackal closely misses you.
There is an open door here.
You fade into invisibility!
The jackal barely misses you. The jackal misses you.
You hit the jackal but do no damage. You hit the jackal.
The jackal is lightly wounded.
The jackal misses you.
You hit the jackal.
The jackal is moderately wounded.
The jackal bites you.
* * * LOW HITPOINT WARNING * * *
The jackal closely misses you.
You strike the helpless jackal from behind!
You puncture the jackal!
You kill the jackal!
The jackal closely misses you. x3
You strike the helpless jackal from behind!
You puncture the jackal!
You kill the jackal!
The jackal barely misses you.
You hit the jackal.
The jackal is severely wounded.
The jackal completely misses you. x2
You closely miss the jackal.
The jackal is severely wounded.
The jackal misses you. The jackal barely misses you.
The jackal closely misses you.
You hit the jackal.
You kill the jackal!
The jackal misses you.
You hit the jackal.
The jackal is severely wounded.
The jackal bites you.
You die...

########
#...)..# #
#......# .#
#......#####.###
#......#.......#
#......#.......#
#......#.......#
#......#h......#
#......@.....###
#......#######
######.####
#......#
#..)...#>.
#.=....#..
#.......... #
#......#.## ####
#......#.#


You could see a jackal (unable to see you).

Vanquished Creatures
  3 jackals (D:1)
  A goblin (D:1)
  A kobold (D:1)
  A rat (D:1)
6 creatures vanquished.

Notes
Turn   | Place    | Note
-------+----------+-------------------------------------------
     0 | D:1      | qeuew the Spriggan Enchanter began the quest for the Orb.
     0 | D:1      | Reached XP level 1. HP: 9/9 MP: 5/5
    84 | D:1      | Slain by a jackal

Illustrated notes

Levels and vault maps discovered:
D:1:      dpeg_arrival_arbitrary_c, layout_basic

Action                   || total
-------------------------++-------
Melee: Dagger            ||    19
  Use: Potion            ||     1
 Stab: Invisible         ||     2
       Sleeping          ||     2
Armor: Robe              ||     1
Dodge: Dodged            ||    32
